 Dungeon Crawl Stone Soup version 0.30-a0-159-g068b764562 (webtiles) character file.

Game seed: 4684714970264226252

112 qw the Chopper (level 4, -1/28 HPs)
             Began as a Gargoyle Fighter on Sept 27, 2022.
             Killed from afar by an orc wizard (9 damage)
             ... with a magic dart
             ... on level 3 of the Dungeon.
             The game lasted 00:00:52 (2375 turns).

qw the Chopper (Gargoyle Fighter)                   Turns: 2375, Time: 00:00:53

Health: -1/28      AC: 13    Str: 22    XL:     4   Next: 95%
Magic:  4/4        EV:  7    Int:  8    God:
Gold:   32         SH:  0    Dex:  9    Spells: 3/3 levels left

rFire   . . .      SeeInvis .    Y - +0 war axe (drain)
rCold   . . .      Faith    .    c - +0 buckler
rNeg    + . .      Spirit   .    g - +0 chain mail
rPois   inf        Reflect  .    (no helmet)
rElec   +          Harm     .    e - +0 cloak
rCorr   .          Rampage  .    (no gloves)
Will    .....                    (no boots)
Stlth   ..........               (no amulet)
HPRegen 0.09/turn                (no ring)
MPRegen 0.09/turn                (no ring)

@: confused
A: sickness immunity, AC +3, negative energy resistance 1, electricity
resistance, torment resistance 1, petrification resistance
a: no special abilities


You were on level 3 of the Dungeon.
You visited 1 branch of the dungeon, and saw 3 of its levels.

You collected 104 gold pieces.
You spent 72 gold pieces at shops.


Innate Abilities, Weirdness & Mutations

You are immune to sickness and miasma.
Your stone body is resilient. (AC +3)
You are immune to poison.
You resist negative energy. (rN+)
You are resistant to electric shocks. (rElec)
You are resistant to unholy torment.
You are immune to petrification.


   Skills:
 - Level 3.2 Fighting
 + Level 4.5 Axes
 - Level 3.2 Armour
 - Level 3.2 Shields


You had 3 spell levels left.
You didn't know any spells.
Your spell library was empty.

Inventory:

Hand Weapons
 k - a +0 mace
 Y - a +0 war axe of draining (weapon)
Armour
 c - a +0 buckler (worn)
 e - a +0 cloak (worn)
 g - a +0 chain mail (worn)
 m - a +0 helmet
Jewellery
 l - a ring of fire
 n - an amulet of regeneration
Scrolls
 h - a scroll of poison {unknown}
 j - a scroll of magic mapping {unknown}
Potions
 a - a potion of brilliance {unknown}
 b - a potion of berserk rage {unknown}
 d - a potion of might
 f - a potion of lignification {unknown}
 i - a potion of cancellation {unknown}

Dungeon Overview and Level Annotations

Branches:
Dungeon (3/15)

Altars:
Makhleb

Shops:
D:3 (


Message History

You kill the orc!
You hit something but do no damage.
You hear some strange, mumbled words.
A magic dart appears from out of thin air!
The magic dart hits you but does no damage.
The orc wizard gestures at you while chanting.
You are confused.
You're too confused to move!
Something hits you.
You barely miss the orc. You barely miss something. The orc closely misses you.
You hear some strange, mumbled words.
Something tries to affect you, but you resist.
You completely miss something. You hit the orc.
The orc hits you but does no damage. Something hits you.
Something hits you but does no damage.
You completely miss something.
You hit the orc wizard but do no damage.
Something hits you but does no damage.
The orc wizard hits you but does no damage.
You closely miss the orc wizard. You miss something. Something hits you.
The orc wizard hits you but does no damage.
You bump into the rock wall.
You feel less confused. Something hits you but does no damage.
The orc wizard hits you but does no damage.
You barely miss the orc wizard. You closely miss something.
Something hits you but does no damage. The orc wizard barely misses you.
Something hits you but does no damage. You block the orc wizard's attack.
You hit the orc wizard but do no damage.
You barely miss something.
You hear some strange, mumbled words.
You are confused.
The orc wizard hits you with a +0 dagger.
You're too confused to move!
You hear some strange, mumbled words.
A magic dart appears from out of thin air!
The magic dart hits you!
You die...

.....### ..#.##
#.......# ....#
#.......# ....#
#.......# ....#
#.......# ....#
#.......# .).###
#o......#
.....#####
#o{B....#
...#.....# ##@##
...#.....# #...#
.....[...######...#
####..........#...#
#.....####%.>..#
#.....# ##....#
####### ##...#
#...# #...#


You could see an orc wizard, an orc and a giant cockroach.

Vanquished Creatures
  An orc priest (D:3)
  An adder (D:1)
  A worm (D:2)
  6 dart slugs
  An orc (D:3)
  6 endoplasms
  2 giant cockroaches
  5 goblins
  8 hobgoblins
  2 quokkas
  8 ball pythons
  5 bats
  3 frilled lizards
  A kobold (D:1)
  3 rats (D:2)
53 creatures vanquished.

Notes
Turn   | Place    | Note
-------+----------+-------------------------------------------
     0 | D:1      | qw the Gargoyle Fighter began the quest for the Orb.
     0 | D:1      | Reached XP level 1. HP: 14/14 MP: 1/1
     0 | D:1      | 0 ||| qw: Version: 0.2-a-10-g37ed214
     0 | D:1      | 0 ||| qw: Game counter: 577
     0 | D:1      | 0 ||| qw: Always use a shield: true
     0 | D:1      | 0 ||| qw: God list: Okawaru
     0 | D:1      | 0 ||| qw: Allow faded altars: false
     0 | D:1      | 0 ||| qw: Do Orc after D:15 true
     0 | D:1      | 0 ||| qw: Do second Lair branch before Depths: true
     0 | D:1      | 0 ||| qw: Lair rune preference: random
     0 | D:1      | 0 ||| qw: Plans: Normal, Zot:1-4, God:TSO, Crypt, Tomb,
                  | Pan, Slime:5, Hells, Abyss, Orb
     0 | D:1      | 0 ||| PLANNING D:1-11
    83 | D:1      | Reached skill level 2 in Axes
   330 | D:1      | 330 ||| Stepping ~*~*~tactically~*~*~ (hiding).
   451 | D:1      | Reached XP level 2. HP: 19/19 MP: 2/2
   557 | D:1      | 557 ||| Stepping ~*~*~tactically~*~*~ (hiding).
   774 | D:1      | Reached skill level 3 in Axes
   858 | D:1      | 858 ||| Stepping ~*~*~tactically~*~*~ (stealth).
   863 | D:1      | Reached XP level 3. HP: 23/23 MP: 3/3
   869 | D:1      | 869 ||| Stepping ~*~*~tactically~*~*~ (stealth).
   870 | D:1      | 870 ||| Stepping ~*~*~tactically~*~*~ (stealth).
   871 | D:1      | 871 ||| Stepping ~*~*~tactically~*~*~ (stealth).
  1240 | D:1      | 1240 ||| UPGRADING to +0 chain mail.
  1250 | D:1      | 1250 ||| DROPPING +0 scale mail.
  1251 | D:1      | 1251 ||| READING scroll labelled KEAFRU TESOA.
  1252 | D:1      | 1252 ||| READING scroll labelled DOCORISMETS.
  1256 | D:1      | 1256 ||| DRINKING 2 grey potions.
  1257 | D:1      | 1257 ||| DROPPING potion of degeneration.
  1273 | D:2      | Found a burning altar of Makhleb.
  1285 | D:2      | 1285 ||| STAIRDANCE
  1416 | D:2      | 1416 ||| Stepping ~*~*~tactically~*~*~ (hiding).
  1512 | D:2      | 1512 ||| Stepping ~*~*~tactically~*~*~ (stealth).
  1513 | D:2      | 1513 ||| Stepping ~*~*~tactically~*~*~ (stealth).
  1514 | D:2      | 1514 ||| Stepping ~*~*~tactically~*~*~ (stealth).
  1577 | D:2      | 1577 ||| Stepping ~*~*~tactically~*~*~ (hiding).
  1579 | D:2      | 1579 ||| Stepping ~*~*~tactically~*~*~ (hiding).
  1690 | D:2      | 1690 ||| Stepping ~*~*~tactically~*~*~ (hiding).
  1697 | D:2      | Reached XP level 4. HP: 28/28 MP: 4/4
  1813 | D:2      | Found a faded altar of an unknown god.
  1927 | D:2      | 1927 ||| Stepping ~*~*~tactically~*~*~ (stealth).
  1999 | D:2      | Reached skill level 4 in Axes
  2187 | D:2      | 2187 ||| UPGRADING to +0 cloak.
  2192 | D:2      | 2192 ||| READING scroll labelled KONUSI VAITOLO.
  2235 | D:3      | Found Fonaocatt's Antique Weapon Emporium.
  2244 | D:3      | 2244 ||| SHOPLISTING broad axe (96 gold, have 72).
  2244 | D:3      | 2244 ||| SHOPLISTING glowing mace (144 gold, have 72).
  2244 | D:3      | 2244 ||| BUYING mace (72 gold).
  2244 | D:3      | Bought a mace for 72 gold pieces
  2244 | D:3      | 2244 ||| SHOPLISTING polished war axe (204 gold, have 0).
  2244 | D:3      | 2244 ||| DROPPING +0 club.
  2359 | D:3      | 2359 ||| Stepping ~*~*~tactically~*~*~ (hiding).
  2374 | D:3      | HP: 7/28 [orc wizard/+0 dagger (3)]
  2375 | D:3      | Killed from afar by an orc wizard

Levels and vault maps discovered:
D:1:      ncdulo_halloftheorcs, layout_rooms
D:2:      layout_rooms, basic_ecumenical_altar, basic_altar
D:3:      minmay_octagon_keep, layout_rooms, serial_shops,
          nicolae_lakefront_shop

Skill      XL: |  1  2  3  4 |
---------------+-------------+-----
Axes           | 2 3 4 |  4.5
Fighting       | |  3.2
Armour         | |  3.2
Shields        | |  3.2

Action                   |  1- 3 |  4- 6 || total
-------------------------+-------+-------++-------
Melee: War axe           |   125 |    46 ||   171
  Use: Scroll            |     2 |     1 ||     3
       Potion            |     1 |       ||     1
Armor: Scale mail        |    37 |       ||    37
       Chain mail        |    26 |    29 ||    55
Dodge: Dodged            |    54 |    13 ||    67
Block: Buckler           |    27 |     8 ||    35

Table legend:
 A = Non-vault XP
 B = Vault XP
 C = Vault XP percentage of total XP
 D = Non-vault monster count
 E = Vault monster count
 F = Vault count percentage of total count
                 A         B        C        D         E       F
            +---------+---------+-------+---------+---------+-------
      Total |     161 |       0 |   0.0 |      53 |       0 |   0.0
            +---------+---------+-------+---------+---------+-------
        D:1 |      60 |       0 |   0.0 |      24 |       0 |   0.0
        D:2 |      45 |       0 |   0.0 |      21 |       0 |   0.0
        D:3 |      56 |       0 |   0.0 |       8 |       0 |   0.0
            +---------+---------+-------+---------+---------+-------
